Description

This is like the classic 7 roach rush but with a little more economy and an expansion behind.

Build Order

Get SALT Encoding   

  14  0:25  Spawning Pool  
  14  0:37  Overlord  
  14  0:38  Extractor  
  18  1:14  Queen  Larva as soon as possible
  20  1:23  Roach Warren  
  19  1:30  Overlord  
  19  1:52  Overlord  
  19  2:02  Roach x7  Move out as 7th is done.
  34  2:41  Hatchery  
Spawning Tool Build Advisor. Get it on Overwolf

Analysis

Try not to over commit your roaches, they are mainly harass. However if you can finish off your opponent feel free to do so.

Go to:

Details

  • Created by: Pyromartian
  • Published on: Aug 28, 2016
  • Modified on: Sep 01, 2016
  • Patch: Pre-3.8.0
Show
View Real Time Build Order
Export as new Build Order

Comments (3)

On Oct. 21, 2016, 9:58 a.m., razorsharp11  said:

I'm a silver league zerg player and I just used this to beat a diamond league player LOL. He got mad and said it was a cheese play

On Sept. 1, 2016, 11:35 p.m., Pyromartian  said:

I don't have a good replay as of now but I added salt encoding so you can try it out yourself!

On Sept. 1, 2016, 12:13 a.m., StoicLoofah  said:

Thanks for sharing this build. Do you happen to have a replay of this build order to link as well?

Create an account to comment!